cohdb
Replays
Latest Replays
All Replays
Popular Replays
Top Player Replays
Match Explorer
How It Works
Community
CoH3 Stats
Reddit
Sign in to upload your games and track your stats! →
Sign in with Steam
Match 42003113
Unlisted
Match 42003113
Overview
Messages
Build Orders
End
Kradschützen Motorcycle Team
Panzergrenadier Squad
Panzergrenadier Squad
Construct Light Support Kompanie
MG34 Team
Fire Support Elements
Pak 38 Anti-tank Gun Team
Selects Panzerjäger Kommand Battlegroup
Selects Mine Fields
Assault Mechanized Group
Combat Half-tracks
2.5-tonne Medical Truck
Construct Panzerarmee Kommand
Veteran Squad Leaders
Selects Defensive Positions
Selects Butterfly Bomb Drop
Panzer III L Medium Tank
Selects GrB 39 Grenade Launcher Requisition
Selects Crew Shock Tactics
Panzer III L Medium Tank
Rapid Advance
Walking Stuka Rocket Launcher
Panzerpioneer Squad
Tungsten Core Ammunition
Flak 36 Anti-tank Gun Team
Armored Reserves
Panzerpioneer Squad
Tiger Heavy Tank
Selects Elefant Tank Destroyer
Emergency Repair Kits
Crew Shock Tactics
FrancoBruniano
for the .....
God of War....and Diplomacy
Strider_perc
KevinTDW
Βηc|Diamondback
0
0
Comments
sign in to comment!
No comments posted yet!